 Dungeon Crawl Stone Soup version 0.28-a0-1292-gb4563b27b3 (webtiles) character file.

Game seed: 1653622622766756577

175 Cheeritup the Caller (level 5, -1/37 HPs)
             Began as a Merfolk Summoner on Dec 27, 2021.
             Was a Follower of Uskayaw.
             Killed from afar by an orc wizard (3 damage)
             ... with a magic dart
             ... on level 4 of the Dungeon.
             The game lasted 00:26:07 (5934 turns).

Cheeritup the Caller (Merfolk Summoner)             Turns: 5934, Time: 00:26:08

Health: -1/37      AC:  5    Str:  8    XL:     5   Next: 55%
Magic:  8/9        EV: 11    Int: 22    God:    Uskayaw [*.....]
Gold:   248        SH:  0    Dex: 15    Spells: 3/9 levels left

rFire   + . .      SeeInvis .   d - staff of fire
rCold   . . .      Faith    +   (no shield)
rNeg    . . .      Spirit   .   k - +0 ring mail
rPois   .          Reflect  .   (no helmet)
rElec   .          Harm     .   (no cloak)
rCorr   .          Rampage  .   (no gloves)
Will    .....                   (no boots)
Stlth   ++........              h - amulet of faith
HPRegen 0.12/turn               c - +6 ring of intelligence
MPRegen 0.11/turn               (no ring)

@: no status effects
A: (nimble swimmer 2), mertail
a: Renounce Religion, Stomp


You were on level 4 of the Dungeon.
You worshipped Uskayaw.
Uskayaw was noncommittal.
You visited 1 branch of the dungeon, and saw 5 of its levels.

You collected 248 gold pieces.

Inventory:

Hand Weapons
 i - a +0 short sword
Missiles
 b - 5 javelins
 r - 13 poisoned darts
Armour
 k - a +0 ring mail (worn)
Magical Staves
 d - a staff of fire (weapon)
Jewellery
 c - a +6 ring of intelligence (left hand)
 h - an amulet of faith (around neck)
 q - a ring of fire
Scrolls
 e - a scroll of teleportation
 f - a scroll of identify {unknown}
 n - a scroll of vulnerability {unknown}
Potions
 a - a potion of might {unknown}
 g - a potion of magic
 j - a potion of degeneration {unknown}
 l - 2 potions of attraction {unknown}
 m - 2 potions of flight {unknown}
 o - a potion of resistance {unknown}


   Skills:
 + Level 1.3 Fighting
 + Level 1.2 Short Blades
 * Level 3.0 Polearms
 + Level 3.4 Dodging
 + Level 2.8 Stealth
 * Level 2.8 Spellcasting
 * Level 4.8 Summonings


You had 3 spell levels left.
You knew the following spells:

 Your Spells              Type           Power      Damage    Failure   Level
a - Summon Small Mammal   Summ           96%        N/A       5%          1
b - Call Canine Familiar  Summ           24%        N/A       16%         3
c - Call Imp              Summ           24%        N/A       9%          2

Your spell library contained the following spells:

 Spells                   Type           Power      Damage    Failure   Level
 Summon Guardian Golem    Hex/Summ       13%        N/A       41%         3
 Gell's Gravitas          Tloc           3%         N/A       75%         3
 Teleport Other           Tloc           3%         N/A       75%         3
 Summon Lightning Spire   Summ/Air       13%        N/A       82%         4
 Dispersal                Tloc           1%         N/A       100%        6


Dungeon Overview and Level Annotations

Branches:
Dungeon (5/15)
 Temple: D:4-7

Altars:
Elyvilon
Fedhas
Kikubaaqudgha
Uskayaw


Innate Abilities, Weirdness & Mutations

((You are very nimble when in or above water. (Stealth+, EV+, Speed+++)))
Your lower body shifts to a powerful aquatic tail in water.


Message History

The orc wizard flickers and vanishes!
Deactivating autopickup; reactivate with Ctrl-A.
There is a stone staircase leading up here.
You can't go down here!
The orc wizard gestures wildly while chanting.
The orc wizard flickers and vanishes!
You climb upwards.
Reactivating autopickup.
There is a stone staircase leading down here.
Something hits you but does no damage.
You are electrocuted!
Deactivating autopickup; reactivate with Ctrl-A.
There is an open door here.
Hit: d) staff of fire
Press: ? - help, Dir - move target
Okay, then.
Press: ? - help, v - describe, . - travel The floor.
You closely miss something. Something hits you.
You miss something. Something hits you.
You are electrocuted!
* * * LOW HITPOINT WARNING * * *
Casting: Summon Small Mammal (safe; 5% risk of failure)
Press: ? - help, Q - select action, (/) - cycle Dir - look around, f - activate
Okay, then.
It was a potion of magic.
Magic courses through your body.
You hear some strange, mumbled words.
A puff of flame appears from out of thin air!
The puff of flame hits you. You resist.
* * * LOW HITPOINT WARNING * * *
Casting: Summon Small Mammal (safe; 5% risk of failure)
Press: ? - help, Q - select action, (/) - cycle Dir - look around, f - activate You hear some strange, mumbled words.
A magic dart appears from out of thin air!
The magic dart hits you.
* * * LOW HITPOINT WARNING * * *
Your rat barely misses something.
Something hits you.
* * * LOW HITPOINT WARNING * * *
A magic dart appears from out of thin air!
The magic dart hits you.
You die...

......# ###
#####.#########################..
# #............................ #
#.##########.###########.##.# #
#.# #.# #.##.# # ##.### #.#
#.##.. # #....# ######.# #.##.. #
#....# #....#.# ### #.##..
####....# #....#@# ##_## #.##..
...#....###....#.####...####.##.#
##.#.>..'......r{..#⌠.#.⌠#.......
#.#....#..........##...##.......
#.######........#####.########..
#.# #..........#.#'## #.. #.#
#........#.'....# #.. #.#
#........###.#'## #.. #.#
#........# ###.## #..


You could see a friendly rat (summoned).

Vanquished Creatures
  A vampire bat (D:4)
  A centaur skeleton (D:4)
  2 hound skeletons (D:4)
  2 dart slugs
  3 orcs (D:3)
  A bat skeleton (D:4)
  3 bat zombies (D:4)
  4 endoplasms
  4 giant cockroaches
  4 hobgoblins
  5 kobolds
  2 quokkas
  2 ball pythons
  3 bats
  4 goblins
  4 rats
45 creatures vanquished.

Vanquished Creatures (collateral kills)
  2 adders
  An orc (D:3)
  2 bats
  A bat zombie (D:4)
  An endoplasm (D:1)
  A giant cockroach (D:1)
  A ball python (D:2)
9 creatures vanquished.

Grand Total: 54 creatures vanquished

Notes
Turn   | Place    | Note
-------+----------+-------------------------------------------
     0 | D:1      | Cheeritup the Merfolk Summoner began the quest for the Orb.
     0 | D:1      | Reached XP level 1. HP: 13/13 MP: 3/3
   685 | D:1      | Reached XP level 2. HP: 19/19 MP: 3/5
   708 | D:1      | Reached skill level 1 in Polearms
  1743 | D:2      | Found a faded altar of an unknown god.
  1752 | D:2      | Prayed at the altar of an unknown god.
  1752 | D:2      | Became a worshipper of Uskayaw the Reveller
  1752 | D:2      | Reached * piety under Uskayaw
  1829 | D:2      | Learned a level 2 spell: Call Imp
  1898 | D:2      | Reached XP level 3. HP: 24/24 MP: 2/6
  3393 | D:3      | Reached ** piety under Uskayaw
  3566 | D:3      | Reached XP level 4. HP: 31/31 MP: 3/7
  3880 | D:3      | Reached skill level 1 in Short Blades
  4361 | D:4      | Learned a level 3 spell: Call Canine Familiar
  4366 | D:4      | Learned a level 2 spell: Call Imp
  4634 | D:4      | Reached XP level 5. HP: 32/36 MP: 8/8
  4697 | D:4      | Found an ancient bone altar of Kikubaaqudgha.
  4721 | D:4      | Reached skill level 1 in Fighting
  5048 | D:4      | Found a white marble altar of Elyvilon.
  5060 | D:4      | Found a blossoming altar of Fedhas.
  5884 | D:5      | Entered Level 5 of the Dungeon
  5934 | D:4      | Killed from afar by an orc wizard

Illustrated notes

Levels and vault maps discovered:
D:1:      amcnicky_arrival_single_pillar, layout_basic, minmay_heptomino_o4
D:2:      layout_basic, basic_ecumenical_altar
D:3:      layout_basic, ebering_dispersal_statue_hall, grunt_decor_junction,
          kennysheep_generic_room_10
D:4:      layout_basic, amethyst_overflow_temple_binary,
          kennysheep_vampire_church, serial_curves, eino_curves_02,
          eino_curves_02
D:5:      minmay_general_purpose_star, layout_gridville,
          minmay_temple_entry_junction, eino_small_chamber_without_monster

Skill      XL: |  1  2  3  4  5 |
---------------+----------------+-----
Polearms       | 1 2 3 |  3.0
Dodging        | 3 |  3.4
Short Blades   | 1 |  1.2
Fighting       | 1 |  1.3
Stealth        | |  2.8
Spellcasting   | |  2.8
Summonings     | |  4.8

Action                   |  1- 3 |  4- 6 || total
-------------------------+-------+-------++-------
Melee: Dagger            |    66 |       ||    66
       Club              |     4 |       ||     4
       Short sword       |    52 |       ||    52
       Staff             |    15 |   174 ||   189
 Cast: Summon Small Mamm |    13 |     4 ||    17
       Call Imp          |     3 |     3 ||     6
Invok: Stomp             |     2 |       ||     2
  Use: Scroll            |       |     6 ||     6
       Potion            |       |     1 ||     1
 Stab: Distracted        |     1 |     1 ||     2
       Sleeping          |     1 |     1 ||     2
Armor: Robe              |     4 |       ||     4
       Leather armour    |    13 |       ||    13
       Ring mail         |     9 |   139 ||   148
Dodge: Dodged            |    90 |   155 ||   245

Table legend: (Time is in decaauts)
 A = Elapsed time spent in this place.
 B = Non-inter-level travel time spent in this place.
 C = Inter-level travel time spent in this place.
 D = Time resting spent in this place.
 E = Time spent auto-exploring this place.
 F = Levels seen in this place.
 G = Mean time per level.
                   A        B        C        D        E       F      G
               +--------+--------+--------+--------+--------+-----+--------+
         Total |   5966 |   5851 |    115 |   2214 |   2307 |   5 | 1193.2 |
       Dungeon |   5966 |   5851 |    115 |   2214 |   2307 |   5 | 1193.2 |
               +--------+--------+--------+--------+--------+-----+--------+

Top non-repeatable levels by time:
     D:4: 1992 daAuts
     D:1: 1647 daAuts
     D:3: 1493 daAuts
     D:2: 801 daAuts
     D:5: 31 daAuts
